[Event "Early-Titled-Tuesday-Blitz-May-28-2024"]
[Site "Chess.com"]
[Date "2024.05.28"]
[Round "2"]
[White "manmanlai1"]
[Black "NewBornNow"]
[Result "0-1"]
[WhiteElo "2564"]
[BlackElo "2806"]
[TimeControl "180+1"]
[EndTime "8:18:38 PDT"]
[Termination "NewBornNow won by resignation"]

1. e4 c5 2. Nf3 d6 3. d4 cxd4 4. Nxd4 Nf6 5. Nc3 a6 6. Bd3 e5 7. Nde2 Be7 8. O-O Nbd7 9. f4 Nc5 10. Kh1 O-O 11. Ng3 b5 12. fxe5 dxe5 13. Qf3 Bg4 14. Qe3 b4 15. Nce2 Nxd3 16. cxd3 Rc8 17. h3 Be6 18.
Nf5 Bxf5 19. Rxf5 Nd7 20. Qg3 g6 21. Bh6 Rc2 22. Bxf8 Kxf8 23. Rf2 Bh4 24. Qf3 Bxf2 25.
Qxf2 Rxb2 26. Rf1 Qe7 27. Qe3 Rxa2 28. d4 Ra3 29. Qh6+ Kg8 30. dxe5 Nxe5 31. Nf4 Nd7 32.
Nd5 Qxe4 33. Rc1 Rxh3+ 34. Qxh3 Qxd5 35. Qh6 Nc5 36. Qe3 Ne6 37. Qb6 Qd2 38. Rf1 Qd3 39. Kg1 Qd4+ 40. Qxd4 Nxd4 41. Rf4 Ne2+ 0-1

[Event "Early-Titled-Tuesday-Blitz-May-28-2024"]
[Site "Chess.com"]
[Date "2024.05.28"]
[Round "2"]
[White "KogotBobra17"]
[Black "Masterisback04"]
[Result "1-0"]
[WhiteElo "2657"]
[BlackElo "2118"]
[TimeControl "180+1"]
[EndTime "8:18:38 PDT"]
[Termination "KogotBobra17 won on time"]

1. f4 Nf6 2. Nf3 d5 3. g3 Bg4 4. Bg2 Nbd7 5. O-O Bxf3 6. Bxf3 e5 7. d3 e4 8. Bg2 Bc5+ 9. Kh1 O-O 10. Nc3 e3 11. d4 Bb4 12. Nxd5 Nxd5 13. Bxd5 Nf6 14. Bf3 Qe7 15. Qd3 Rfe8 16. Bxb7 Rab8 17. Bc6 Red8 18. Qxe3 Qd6 19. Bg2 Re8 20. Qd3 Qe7 21. c3 Bd6 22. Re1 Ng4 23. Qf3 f5 24. e4 c5 25. e5 cxd4 26.
cxd4 Bb4 27. Rd1 Qc7 28. h3 Nh6 29. Be3 Qc2 30. d5 Ba5 31. b3 Bb6 32. d6 Kh8 33.
Bxb6 axb6 34. Qc6 Qf2 35. Kh2 g5 36. d7 gxf4 37. dxe8=Q+ Rxe8 38. Qxe8+ Kg7 39. Qd7+ Kg6 40. Rd5 1-0

[Event "Early-Titled-Tuesday-Blitz-May-28-2024"]
[Site "Chess.com"]
[Date "2024.05.28"]
[Round "2"]
[White "ChempionBg"]
[Black "balack95"]
[Result "0-1"]
[WhiteElo "2249"]
[BlackElo "2502"]
[TimeControl "180+1"]
[EndTime "8:18:39 PDT"]
[Termination "balack95 won on time"]

1. d4 Nf6 2. c4 c6 3. Nf3 d5 4.
g3 g6 5. Bg2 Bg7 6. O-O O-O 7. cxd5 cxd5 8. Ne5 Nc6 9. Nxc6 bxc6 10.
Nc3 Bf5 11. Bf4 Nh5 12. Be3 Rb8 13. b3 e5 14. Rc1 Re8 15. dxe5 Bxe5 16. Bxa7 Ra8 17. Bd4 Nf6 18. Bxe5 Rxe5 19. Qd4 Qe7 20. e3 h5 21. Na4 Re6 22. Qb6 Qe8 23. Nc5 Re7 24. a4 h4 25. a5 hxg3 26. hxg3 Kg7 27. Rfe1 Ng4 28. Bf3 Ne5 29. Bg2 Qh8 30. f3 Bh3 31.
Rc2 Bxg2 32. Kxg2 Qh5 33. Rf2 Rh8 34. Kf1 Nxf3 35. Qxc6 Qh1+ 36. Ke2 Qxe1+ 0-1

[Event "Early-Titled-Tuesday-Blitz-May-28-2024"]
[Site "Chess.com"]
[Date "2024.05.28"]
[Round "2"]
[White "MathiasWomacka"]
[Black "KVAIDAN"]
[Result "1/2-1/2"]
[WhiteElo "2528"]
[BlackElo "2325"]
[TimeControl "180+1"]
[EndTime "8:18:41 PDT"]
[Termination "Game drawn by stalemate"]

1. e4 e5 2. Nf3 d5 3. exd5 e4 4. Qe2 Nf6 5. d3 Bb4+ 6. c3 O-O 7.
dxe4 Bc5 8. Bg5 c6 9. Nbd2 Re8 10.
dxc6 Nxc6 11. O-O-O Qe7 12. Qb5 a6 13. Bxf6 axb5 14.
Bxe7 Rxe7 15. Bxb5 Bxf2 16. Bc4 Be6 17. a3 Bxc4 18. Nxc4 Rxe4 19. Nd6 Re2 20. Nxb7 Rb8 21. Rd7 g5 22. Rhd1 g4 23. Nd4 Nxd4 24. cxd4 Be3+ 25. Kb1 Rxg2 26. d5 Rxh2 27. d6 g3 28. Rc7 Bf4 29. Rc2 Rxb7 30. d7 Bg5 31. d8=Q+ Bxd8 32. Rxd8+ Kg7 33.
Rd3 g2 34. Rg3+ Kf6 35. Rcxg2 Rxg2 36. Rxg2 h5 37. b4 h4 38. Kb2 Kf5 39. Kb3 Kf4 40. Rg7 h3 41. Rh7 Kg3 42. Rg7+ Kf3 43.
Rh7 Kg2 44. Rg7+ Kh1 45. a4 h2 46. b5 Rb6 47. Rxf7 Rh6 48. Rg7 Rh3+ 49. Kb4 Rh4+ 50. Kc5 Rxa4 51. b6 Ra5+ 52. Kc6 Rc5+ 53. Kxc5 1/2-1/2

[Event "Early-Titled-Tuesday-Blitz-May-28-2024"]
[Site "Chess.com"]
[Date "2024.05.28"]
[Round "2"]
[White "artin10862"]
[Black "jk13"]
[Result "1/2-1/2"]
[WhiteElo "3095"]
[BlackElo "2651"]
[TimeControl "180+1"]
[EndTime "8:18:42 PDT"]
[Termination "Game drawn by repetition"]

1. Nf3 Nf6 2. g3 e6 3. Bg2 d5 4.
O-O Be7 5. d3 O-O 6. Bf4 c5 7.
e4 dxe4 8. dxe4 Nc6 9. Qe2 Qb6 10.
c3 Bd7 11. Na3 Rfd8 12. Rfe1 Be8 13. h4 Rd7 14. Nc4 Qa6 15. Nce5 Qxe2 16. Rxe2 Nxe5 17. Nxe5 Rdd8 18. a4 b6 19. Ree1 h6 20. Bf1 Bd6 21.
Bb5 g5 22. hxg5 hxg5 23. Bxg5 Bxe5 24. f4 Bxb5 25. axb5 Rd3 26. fxe5 Rxg3+ 27. Kh2 Rxg5 28. exf6 Kh7 29. Rg1 Kg6 30. Rxg5+ Kxg5 31. Kg3 Kxf6 32. Kf4 e5+ 33. Kg4 Ke6 34. Kg5 f6+ 35. Kg6 Rg8+ 36. Kh7 Rg2 37. Rxa7 Rxb2 38. c4 Rb4 39. Rb7 Rxc4 40. Rxb6+ Kf7 41. Rb7+ Ke6 42. Rb6+ Kf7 43. Rb7+ Ke6 44. Rb6+ 1/2-1/2

[Event "Early-Titled-Tuesday-Blitz-May-28-2024"]
[Site "Chess.com"]
[Date "2024.05.28"]
[Round "2"]
[White "Matols"]
[Black "soloderisas"]
[Result "0-1"]
[WhiteElo "2355"]
[BlackElo "2633"]
[TimeControl "180+1"]
[EndTime "8:18:42 PDT"]
[Termination "soloderisas won on time"]

1. d4 d5 2. c4 Nc6 3. Nc3 dxc4 4.
Nf3 Nf6 5. Bg5 Na5 6. e4 c6 7.
Be2 h6 8. Bh4 b5 9. O-O a6 10.
Ne5 g5 11. Bg3 Bg7 12. f4 b4 13. fxg5 hxg5 14. Na4 Nxe4 15. Rxf7 Bxe5 16. Bxe5 Kxf7 17.
Bh5+ Kg8 18. Bf3 Nf6 19. Qd2 g4 20. Qg5+ Kf7 21. Be2 Be6 22. Rf1 Rg8 23. Qh5+ Kf8 24. Qh6+ Ke8 25. Nc5 Bf7 26. Re1 Rg6 27. Qh8+ Rg8 28.
Qh6 Nd5 29. Bxc4 Nxc4 30. Bg3 Nd6 31. Bxd6 Rg6 32. Qh8+ Rg8 33. Qh6 Rg6 34. Qh8+ Bg8 35. Qh6 Rxh6 0-1

[Event "Early-Titled-Tuesday-Blitz-May-28-2024"]
[Site "Chess.com"]
[Date "2024.05.28"]
[Round "2"]
[White "noblerone"]
[Black "kekic76"]
[Result "0-1"]
[WhiteElo "2534"]
[BlackElo "2351"]
[TimeControl "180+1"]
[EndTime "8:18:42 PDT"]
[Termination "kekic76 won on time"]

1. d4 d5 2. Nf3 Nf6 3. Bg5 e6 4. Nbd2 Be7 5. e3 h6 6. Bh4 O-O 7. Bd3 Nbd7 8. O-O b6 9. c3 Bb7 10. a4 c5 11. Ne5 cxd4 12. cxd4 Nxe5 13. dxe5 Nd7 14. Bxe7 Qxe7 15. Nf3 Nc5 16. Bc2 Ne4 17.
Nd4 Rac8 18. Bd3 Qc7 19. f4 a6 20. Qe2 a5 21. Rfd1 Nc5 22. Bc2 Ne4 23. Rac1 Qe7 24.
Nb5 Qb4 25. Bxe4 dxe4 26. Rxc8 Rxc8 27. Nd6 Rb8 28. Rd4 Qb3 0-1

[Event "Early-Titled-Tuesday-Blitz-May-28-2024"]
[Site "Chess.com"]
[Date "2024.05.28"]
[Round "2"]
[White "maximnovik"]
[Black "carloseduar100"]
[Result "1-0"]
[WhiteElo "2529"]
[BlackElo "2307"]
[TimeControl "180+1"]
[EndTime "8:18:44 PDT"]
[Termination "maximnovik won on time"]

1. e4 e6 2. d4 d5 3. e5 c5 4. c3 Nc6 5. Nf3 Qb6 6. Bd3 Bd7 7.
O-O cxd4 8. Re1 g6 9. Nbd2 Bg7 10. Nb3 dxc3 11. bxc3 Nge7 12. h4 h5 13. Ba3 O-O 14.
Rb1 Qd8 15. Nbd4 b6 16. Qd2 Rc8 17. Qf4 Na5 18. Bb4 Nc4 19. Nh2 a5 20. Bxc4 axb4 21. Ba6 Rxc3 22. g4 Nc6 23. Nxc6 Bxc6 24. gxh5 Rh3 25.
Rxb4 Qe7 26. Bf1 Rxh2 27. Kxh2 Ra8 28. a4 gxh5 29. Bd3 Kf8 30. Rg1 Ra7 31. Qg3 f6 32. exf6 Qxf6 33. Qd6+ Kg8 34. Rf4 1-0

[Event "Early-Titled-Tuesday-Blitz-May-28-2024"]
[Site "Chess.com"]
[Date "2024.05.28"]
[Round "2"]
[White "Sippp"]
[Black "HowTo2Draw"]
[Result "1-0"]
[WhiteElo "2806"]
[BlackElo "2560"]
[TimeControl "180+1"]
[EndTime "8:18:45 PDT"]
[Termination "Sippp won by checkmate"]

1. e4 c5 2. Nf3 Nc6 3. d4 cxd4 4. Nxd4 Nf6 5. Nc3 e5 6. Ndb5 d6 7. Nd5 Nxd5 8. exd5 Nb8 9. Qf3 Be7 10. Qc3 Na6 11.
Be3 O-O 12. Nxa7 Bg4 13. Nb5 f5 14. f3 f4 15. Bf2 Bf5 16. Bd3 Rc8 17. Qd2 Nc5 18. Bxf5 Rxf5 19. c4 Bh4 20. O-O Bxf2+ 21. Rxf2 Rh5 22. b4 Na6 23. Rc1 Nc7 24. Nc3 Qh4 25. h3 Na6 26. Ne4 Qd8 27. c5 dxc5 28.
bxc5 Rh6 29. a3 Nc7 30. d6 Ne6 31. Qd5 Kh8 32. Rb2 Nd4 33. Qxe5 Nc6 34. Qxf4 Ra8 35. Rxb7 Rxa3 36. Ng5 Rf6 37. Nf7+ Rxf7 38. Qxf7 Ne5 39. Qxg7# 1-0

[Event "Early-Titled-Tuesday-Blitz-May-28-2024"]
[Site "Chess.com"]
[Date "2024.05.28"]
[Round "2"]
[White "JJDAREK"]
[Black "johnathan113"]
[Result "0-1"]
[WhiteElo "2364"]
[BlackElo "2709"]
[TimeControl "180+1"]
[EndTime "8:18:45 PDT"]
[Termination "johnathan113 won on time"]

1. d4 Nf6 2. c4 g6 3. Nc3 Bg7 4. e4 O-O 5. Nf3 d6 6. Be2 Nbd7 7. O-O e5 8. d5 Nc5 9. Qc2 a5 10. Bg5 h6 11. Be3 b6 12. Nd2 Bg4 13. Qd1 h5 14. a3 Bxe2 15. Qxe2 a4 16. Bxc5 bxc5 17. Qd1 Qd7 18.
Nb5 Bh6 19. f3 h4 20. Qe2 Nh5 21. Kh1 Nf4 22. Qf2 Nd3 23. Qe2 Nf4 24. Qf2 Kg7 25. b3 axb3 26. Nxb3 Ra4 27. Qc2 Rfa8 28. Nd2 Qe7 29.
g3 hxg3 30. hxg3 Nh5 31. Rg1 Bxd2 32. Qxd2 Rxc4 33. Kg2 Rb8 34. a4 Rb4 35. Ra2 Ra8 36.
Qc2 Qg5 37. g4 Nf4+ 38. Kg3 Rh8 0-1

[Event "Early-Titled-Tuesday-Blitz-May-28-2024"]
[Site "Chess.com"]
[Date "2024.05.28"]
[Round "2"]
[White "Maluco_do_Natal_00"]
[Black "InitiatingASC"]
[Result "1/2-1/2"]
[WhiteElo "2043"]
[BlackElo "2437"]
[TimeControl "180+1"]
[EndTime "8:18:45 PDT"]
[Termination "Game drawn by repetition"]

1. e4 e5 2. Nf3 Nf6 3. Nxe5 d6 4. Nf3 Nxe4 5. Nc3 Nxc3 6. dxc3 Be7 7. Bd3 Be6 8. Be3 Nd7 9. Qd2 Ne5 10. Nxe5 dxe5 11.
O-O O-O 12. Rad1 f5 13. f3 Qe8 14. Bf2 Rd8 15. Qe2 Bf6 16. Bc4 Qc6 17. Bxe6+ Qxe6 18. b3 a6 19. c4 h6 20. Rfe1 Kh7 21. Bg3 Qb6+ 22. Bf2 Qa5 23. a4 Rfe8 24. Rd3 Rxd3 25.
Qxd3 e4 26. fxe4 Kh8 27. Kf1 f4 28. h3 Rd8 29. Qf3 Be5 30. Bh4 Rd2 31. Qh5 Qc5 32. Qe8+ Kh7 33. Qh5 Rxc2 34. Qf5+ Kg8 35. Qc8+ Kf7 36.
Qf5+ Kg8 37. Qe6+ Kh7 38. Qf5+ Kg8 1/2-1/2

[Event "Early-Titled-Tuesday-Blitz-May-28-2024"]
[Site "Chess.com"]
[Date "2024.05.28"]
[Round "2"]
[White "Viktoker"]
[Black "Meri-Arabidze"]
[Result "0-1"]
[WhiteElo "2396"]
[BlackElo "2683"]
[TimeControl "180+1"]
[EndTime "8:18:46 PDT"]
[Termination "Meri-Arabidze won on time"]

1. d4 Nf6 2. Bf4 e6 3. e3 b6 4.
Qf3 d5 5. Nc3 Bd6 6. O-O-O Bb7 7.
g4 Nbd7 8. Bd3 Bxf4 9. exf4 g6 10. Nge2 Qe7 11. Ng3 O-O-O 12. Rhe1 Qb4 13. a3 Qf8 14. h3 Kb8 15. Qe2 Ne8 16. Kb1 Nd6 17. Ba6 Nf6 18. Bxb7 Kxb7 19. b3 h5 20. g5 Ng8 21. Kb2 Ne7 22. a4 a5 23. Nb5 h4 24.
Nf1 Nef5 25. Ne3 Nxb5 26. Qxb5 Nd6 27. Qe2 Qe8 28. Ng4 Nf5 29. Qe5 Rc8 30. Nf6 Qd8 31.
c4 dxc4 32. d5 Qd6 33. dxe6 Qxe5+ 34. Rxe5 fxe6 35. bxc4 Nd6 36. Kc3 Rcd8 37. Rde1 Nf5 38. Rxe6 Rd4 39. Nd5 c6 40. Re7+ Kb8 41. Rf7 cxd5 42.
Rxf5 Rxc4+ 43. Kd3 gxf5 0-1

[Event "Early-Titled-Tuesday-Blitz-May-28-2024"]
[Site "Chess.com"]
[Date "2024.05.28"]
[Round "2"]
[White "Sadykov_Ramil"]
[Black "Redbandit87"]
[Result "0-1"]
[WhiteElo "2575"]
[BlackElo "2412"]
[TimeControl "180+1"]
[EndTime "8:18:46 PDT"]
[Termination "Redbandit87 won by resignation"]

1. Nf3 d5 2. g3 Nf6 3. Bg2 c5 4. O-O Nc6 5. d4 Bf5 6. c4 dxc4 7. Qa4 Bd7 8. dxc5 e5 9. Qxc4 Be7 10. b4 Qc7 11. Nc3 a6 12. a3 Be6 13. Qd3 Rd8 14.
Qc2 O-O 15. Bb2 h6 16. Rfd1 a5 17. Nb5 Qb8 18. Bc3 axb4 19. axb4 b6 20. Nd2 Nd4 21.
Bxd4 exd4 22. c6 Qe5 23. Na7 Bxb4 24. c7 Rde8 25. Bc6 Rc8 26. Nf3 Qxc7 27. Nxc8 Rxc8 28. Nxd4 Bc5 29. Nxe6 Qxc6 30. e3 Qxe6 31. Qe2 Qc6 32. Rab1 Qc7 33. Rd3 Nd7 34. Kg2 Ne5 35. Rdd1 Qc6+ 36.
Kg1 Nf3+ 37. Kh1 Nd4+ 38. Kg1 Nxe2+ 0-1

[Event "Early-Titled-Tuesday-Blitz-May-28-2024"]
[Site "Chess.com"]
[Date "2024.05.28"]
[Round "2"]
[White "frequentblunders"]
[Black "aanshnerurkar"]
[Result "0-1"]
[WhiteElo "2231"]
[BlackElo "2495"]
[TimeControl "180+1"]
[EndTime "8:18:46 PDT"]
[Termination "aanshnerurkar won by resignation"]

1. e3 c5 2. c4 Nc6 3. Nc3 Nf6 4.
Nge2 g6 5. g3 Bg7 6. Bg2 O-O 7.
O-O d6 8. d4 cxd4 9. exd4 Bd7 10. h3 Rc8 11. Be3 Re8 12. Qd2 a6 13. Bh6 Bh8 14. Rad1 Na5 15. b3 b5 16. cxb5 axb5 17. Nd5 Nxd5 18. Bxd5 Bxh3 19. Nf4 Bd7 20. Rfe1 e6 21.
Be4 d5 22. Bb1 Nc6 23. Qe3 Qf6 24. Ne2 Qd8 25. Kg2 Ne7 26. Bg5 Qb6 27. Rh1 Nf5 28. Bxf5 exf5 29. Qf4 Rxe2 30. Rxh7 Kxh7 31. Rh1+ Kg8 32.
Qh4 Bg7 33. Qh7+ Kf8 34. Be3 Qe6 35. Kf3 Rxe3+ 36. fxe3 Qe4+ 37. Kf2 Rc2+ 0-1

[Event "Early-Titled-Tuesday-Blitz-May-28-2024"]
[Site "Chess.com"]
[Date "2024.05.28"]
[Round "2"]
[White "KuzubovYuriy"]
[Black "DrCeltic"]
[Result "1-0"]
[WhiteElo "2901"]
[BlackElo "2597"]
[TimeControl "180+1"]
[EndTime "8:18:47 PDT"]
[Termination "KuzubovYuriy won by resignation"]

1. d4 Nf6 2. c4 c6 3. Nf3 d5 4. Nc3 dxc4 5. a4 Bf5 6. Nh4 Bd7 7. e4 e6 8. Bxc4 c5 9. d5 Nxd5 10. exd5 Qxh4 11. Qe2 Be7 12. O-O O-O 13. Re1 exd5 14. Nxd5 Bd6 15. g3 Qh3 16. Bf4 Bxf4 17. Nxf4 Qg4 18.
Qxg4 Bxg4 19. Re7 Nc6 20. Rxb7 Rab8 21. Rb5 Nd4 22. Rxc5 Rxb2 23. h3 Be6 24. Rd1 Nf3+ 25. Kg2 Bxc4 26. Rxc4 Ne5 27. Rc7 Ng6 28. Rd4 a5 29.
Ra7 Rb4 30. Rxb4 axb4 31. Rb7 Ra8 32. Nxg6 hxg6 33. Rxb4 f6 34. h4 Kf7 35. Kf3 g5 36. hxg5 fxg5 37. Kg4 Ra5 38. Kh5 g6+ 39. Kh6 Kf6 40.
f4 g4 41. Rb6+ Kf5 42. Rb5+ 1-0

[Event "Early-Titled-Tuesday-Blitz-May-28-2024"]
[Site "Chess.com"]
[Date "2024.05.28"]
[Round "2"]
[White "scarabee43"]
[Black "xakevicius91"]
[Result "1/2-1/2"]
[WhiteElo "2815"]
[BlackElo "2486"]
[TimeControl "180+1"]
[EndTime "8:18:47 PDT"]
[Termination "Game drawn by repetition"]

1. Nf3 Nf6 2. b3 b6 3. Bb2 Bb7 4. g3 e6 5. Bg2 Be7 6. O-O O-O 7. Re1 c5 8. d3 d6 9. e4 Nbd7 10. Nbd2 Qc7 11. a4 a6 12. Qe2 b5 13. axb5 axb5 14.
h4 Ne5 15. Nxe5 dxe5 16. Bc3 Nd7 17. Qf1 Bc6 18. Rxa8 Rxa8 19. Ra1 Qb7 20. Qb1 f5 21.
b4 Rxa1 22. Qxa1 cxb4 23. Bxe5 Bf8 24. Bd4 Qc7 25. Qa2 Qd6 26. exf5 Bxg2 27. Kxg2 Qxd4 28. fxe6 b3 29. Qxb3 Nc5 30. Qa2 Be7 31. Nf3 Qd6 32. Qa8+ Qd8 33. Qc6 Qd6 34. Qe8+ Bf8 35. Qf7+ Kh8 36.
Ng5 h6 37. Qh5 Kg8 38. Qf7+ Kh8 39. Qh5 Kg8 40. Qf7+ Kh8 1/2-1/2

[Event "Early-Titled-Tuesday-Blitz-May-28-2024"]
[Site "Chess.com"]
[Date "2024.05.28"]
[Round "2"]
[White "SipahiPower"]
[Black "chess_blitz00"]
[Result "1-0"]
[WhiteElo "2512"]
[BlackElo "2282"]
[TimeControl "180+1"]
[EndTime "8:18:47 PDT"]
[Termination "SipahiPower won by checkmate"]

1. d4 d6 2. c4 e5 3. e3 f5 4.
Nc3 Nf6 5. Nf3 Nc6 6. Be2 Be7 7.
Rb1 O-O 8. b4 e4 9. Nd2 a5 10.
b5 Nb8 11. f4 Be6 12. Ba3 Nbd7 13. O-O d5 14. Bxe7 Qxe7 15. cxd5 Nxd5 16. Nxd5 Bxd5 17.
Qc2 Nb6 18. Rfc1 Rf7 19. Rb2 Kh8 20. Nc4 Nxc4 21. Bxc4 Rd8 22. Qa4 b6 23. Rbc2 Bxc4 24. Rxc4 Rd7 25. R1c3 g5 26. fxg5 Qxg5 27. Qc2 Rg7 28.
Qf2 h5 29. Rc6 Kg8 30. Re6 h4 31. Rcc6 h3 32. g3 Qg4 33. Qf1 Rg5 34. Rh6 Rdg7 35. Rxh3 f4 36. exf4 Rf5 37. Qc4+ Kf8 38. Rh8+ Ke7 39. Qe6# 1-0

[Event "Early-Titled-Tuesday-Blitz-May-28-2024"]
[Site "Chess.com"]
[Date "2024.05.28"]
[Round "2"]
[White "maracayo"]
[Black "Susal_De_Silva"]
[Result "1-0"]
[WhiteElo "2394"]
[BlackElo "2605"]
[TimeControl "180+1"]
[EndTime "8:18:48 PDT"]
[Termination "maracayo won by checkmate"]

1. e4 c5 2. Nf3 Nc6 3. Bb5 d6 4. O-O Bd7 5. Re1 Nf6 6. c3 a6 7.
Bxc6 Bxc6 8. d4 Bxe4 9. dxc5 dxc5 10. Nbd2 Bc6 11. Ne5 Rc8 12. Qb3 Qd5 13. Nxc6 Qxc6 14.
Nc4 e6 15. Na5 Qb5 16. Rxe6+ fxe6 17. Qxe6+ Kd8 18. Bf4 Qd7 19. Nxb7+ Qxb7 20. Rd1+ Qd7 21. Rxd7+ Nxd7 22. Bg5+ Kc7 23. Bf4+ Kd8 24. Qxa6 Be7 25.
a4 Bf6 26. g3 g5 27. Bd6 Re8 28.
Qb7 Re6 29. Qd5 Re2 30. a5 Rxb2 31. Qg8+ Nf8 32. Qxf8+ Kd7 33. Qxf6 Re8 34. Qf7+ Kxd6 35. Qxe8 Kd5 36. Qa8+ Kc4 37. a6 h5 38. a7 h4 39.
Qe4+ Kb3 40. a8=Q h3 41. Qab7+ Ka2 42. Qc4+ Ka1 43. Qba6+ Kb1 44. Qf1+ Kc2 45. Qa4+ Kxc3 46. Qe1+ Rd2 47. Qa5+ Kc2 48. Qaxd2+ Kb3 49. Qb1+ Ka4 50. Qda2# 1-0

[Event "Early-Titled-Tuesday-Blitz-May-28-2024"]
[Site "Chess.com"]
[Date "2024.05.28"]
[Round "2"]
[White "GambitGiesbergen"]
[Black "Caracal3000"]
[Result "0-1"]
[WhiteElo "2348"]
[BlackElo "2553"]
[TimeControl "180+1"]
[EndTime "8:18:48 PDT"]
[Termination "Caracal3000 won by checkmate"]

1. c4 e6 2. Nc3 d5 3. d4 c6 4.
Nf3 dxc4 5. a4 Bb4 6. e3 b5 7. Ne5 Nf6 8. Bd2 a5 9. b3 Bxc3 10. Bxc3 b4 11. Bb2 c3 12. Bc1 Bb7 13. Bd3 Nbd7 14.
Nc4 O-O 15. g4 c5 16. Rg1 Nb6 17. Nxb6 Qxb6 18. g5 Ne4 19. Qc2 f5 20. gxf6 Nxf6 21. e4 c4 22. bxc4 Qxd4 23. Be3 Qd6 24. c5 Qxh2 25.
O-O-O Qe5 26. f4 Qc7 27. e5 Nd5 28. Bxh7+ Kf7 29. Rxg7+ Kxg7 30. Qg6+ Kh8 31. Rh1 Nxe3 32. Rh2 Qg7 33. Bg8+ Kxg8 34. Qxe6+ Rf7 35. f5 Qg1# 0-1

[Event "Early-Titled-Tuesday-Blitz-May-28-2024"]
[Site "Chess.com"]
[Date "2024.05.28"]
[Round "2"]
[White "Andrey_Klymchuk"]
[Black "briesmas"]
[Result "1-0"]
[WhiteElo "2700"]
[BlackElo "2398"]
[TimeControl "180+1"]
[EndTime "8:18:49 PDT"]
[Termination "Andrey_Klymchuk won on time"]

1. e4 c5 2. Nf3 d6 3. d4 cxd4 4.
Nxd4 Nf6 5. f3 a6 6. c4 g6 7. Nc3 Bg7 8. Be3 O-O 9. Be2 Nc6 10. O-O Nxd4 11. Bxd4 Be6 12. Qd2 Rc8 13. Nd5 Bxd5 14. exd5 Nd7 15. Rfe1 Bxd4+ 16. Qxd4 Qb6 17. Qxb6 Nxb6 18. Rac1 Rc7 19. b3 Nd7 20. Bf1 Nf6 21. Kf2 Rfc8 22. Ke3 Nxd5+ 23. Kd2 Nf6 24. g3 Kf8 25.
Bh3 Rd8 26. Ke3 a5 27. Red1 Ke8 28. Kd4 e6 29. f4 Ke7 30. a3 b6 31. Bg2 d5 32. cxd5 Rxc1 33. Rxc1 Nxd5 34. Ke4 Kd6 35. Kd4 Ke7 36. Ke5 f6+ 37. Ke4 Kd6 38. Kd4 e5+ 39.
fxe5+ fxe5+ 40. Kd3 Ke6 41. Ke2 Nf6 42. Rc7 e4 43.
Rb7 Rd6 44. Ke3 Rd3+ 45. Kf4 Rxb3 46. g4 h6 47. h4 Nd5+ 48. Kxe4 Re3+ 49. Kd4 Re5 50. Rh7 Nf4 51. Be4 Kd6 52. Rxh6 Re6 53. Rh8 Ne2+ 54. Kd3 Ng3 55. Bf3 Kc5 56. Rc8+ Kb5 57.
Rc4 Nf1 58. a4+ Ka6 59. Bc6 Re3+ 60. Kd4 Re6 61. Bd5 Rd6 62. Rc8 1-0

[Event "Early-Titled-Tuesday-Blitz-May-28-2024"]
[Site "Chess.com"]
[Date "2024.05.28"]
[Round "2"]
[White "Djager97"]
[Black "BeautiFullMindChess"]
[Result "0-1"]
[WhiteElo "2533"]
[BlackElo "2349"]
[TimeControl "180+1"]
[EndTime "8:18:49 PDT"]
[Termination "BeautiFullMindChess won by resignation"]

1. e4 c6 2. d4 d5 3. exd5 cxd5 4. Bd3 Nc6 5. c3 Nf6 6. h3 e5 7. dxe5 Nxe5 8. Nf3 Nxd3+ 9. Qxd3 Bd6 10. O-O O-O 11. Bg5 h6 12. Bh4 g5 13. Bg3 Bxg3 14. fxg3 g4 15.
hxg4 Nxg4 16. Qd4 Qd6 17. Qf4 Qxf4 18. gxf4 Re8 19. Nbd2 Bf5 20. Nd4 Be4 21. f5 Kg7 22. Rf4 h5 23. Nxe4 Rxe4 24. Rxe4 dxe4 25. Re1 Re8 26.
Kf1 Kf6 27. Ke2 Ke5 28. Rh1 Nf6 29. Nc2 Rg8 30. Ne3 b5 31. Rd1 a6 32. Rd4 h4 33. a4 Rg3 34. axb5 axb5 35. Rb4 Kf4 36. Nc2 Rxg2+ 37. Kd1 h3 38. Ne1 Rg1 0-1

[Event "Early-Titled-Tuesday-Blitz-May-28-2024"]
[Site "Chess.com"]
[Date "2024.05.28"]
[Round "2"]
[White "zajka-molotok"]
[Black "Felix-Rose"]
[Result "1-0"]
[WhiteElo "2545"]
[BlackElo "2327"]
[TimeControl "180+1"]
[EndTime "8:18:49 PDT"]
[Termination "zajka-molotok won by checkmate"]

1. e4 e5 2. Nf3 Nc6 3. Nc3 Nf6 4. Bb5 Bb4 5. O-O O-O 6. Bxc6 dxc6 7. d3 Bd6 8. Ne2 Nd7 9. Ng3 Nc5 10. Be3 Ne6 11. Nd2 f6 12. a4 Bc5 13. Nc4 a5 14. Qd2 b6 15. Bxc5 Nxc5 16. Qe3 Ba6 17. Nxa5 Nxd3 18.
Nxc6 Qd6 19. cxd3 Qxc6 20. Rfd1 Rfd8 21. Nf5 Qc2 22. Rd2 Qb3 23. Ra3 Qb4 24. h4 g6 25.
Nh6+ Kg7 26. Ng4 Rd6 27. Rc3 c5 28. h5 g5 29. h6+ Kg6 30. Qf3 Bc8 31. Nxe5+ fxe5 32.
Qf8 Rd7 33. Qg8+ Kxh6 34. d4 Rxd4 35. Rdd3 Rxd3 36. Rxd3 Qe1+ 37. Kh2 Qxf2 38. Rg3 Qf4 39. Qd8 Qh4+ 40. Rh3 Bxh3 41. Qf6+ Kh5 42. Qf7+ Kh6 43. Qf6+ Kh5 44. Qf7+ Kg4 45. Qf3# 1-0

[Event "Early-Titled-Tuesday-Blitz-May-28-2024"]
[Site "Chess.com"]
[Date "2024.05.28"]
[Round "2"]
[White "HajiyevKanan"]
[Black "Nechitaylo_Nikita"]
[Result "1-0"]
[WhiteElo "2542"]
[BlackElo "2327"]
[TimeControl "180+1"]
[EndTime "8:18:49 PDT"]
[Termination "HajiyevKanan won on time"]

1. d4 Nf6 2. Nf3 e6 3. c4 c5 4. e3 cxd4 5. Nxd4 d5 6. Be2 Nc6 7. O-O Bd6 8. Nc3 O-O 9. cxd5 exd5 10. b3 Nxd4 11. Qxd4 Qc7 12. Nxd5 Bxh2+ 13. Kh1 Nxd5 14. Qxd5 Be6 15. Qh5 Be5 16. Ba3 Bxa1 17. Bxf8 Rxf8 18. Rxa1 Qc3 19. Rd1 Qc2 20. Bd3 g6 21. Qxh7+ Kxh7 22. Bxc2 Rc8 23. Rd2 a5 24. Kh2 b5 25. Kg3 b4 26.
Be4 Rc1 27. Rc2 Ra1 28. Kf4 a4 29. bxa4 Bxa2 30. Rb2 b3 31. Bd5 Rc1 32. Bxb3 Bxb3 33. Rxb3 Rc4+ 34. Kg5 Rxa4 35. f4 Ra5+ 36. Kg4 Kh6 37.
e4 f5+ 38. exf5 gxf5+ 39. Kf3 Kh5 40. Re3 Kg6 41. Re6+ Kh5 42. Re5 Ra3+ 43. Kf2 Kg4 44. g3 Re3 45. Rxe3 1-0

[Event "Early-Titled-Tuesday-Blitz-May-28-2024"]
[Site "Chess.com"]
[Date "2024.05.28"]
[Round "2"]
[White "FGHSMN"]
[Black "GrotBchess"]
[Result "1-0"]
[WhiteElo "2893"]
[BlackElo "2592"]
[TimeControl "180+1"]
[EndTime "8:18:51 PDT"]
[Termination "FGHSMN won by resignation"]

1. e4 c5 2. Nf3 e6 3. d4 cxd4 4. Nxd4 Nc6 5. Nc3 Qc7 6. Ncb5 Qb8 7. Bd3 Nf6 8. O-O a6 9. Nxc6 bxc6 10. Nd4 Bb7 11.
Nf3 d5 12. e5 Nd7 13. Re1 h6 14. Bf4 Be7 15. Qd2 g5 16. Bg3 g4 17. Nh4 Bg5 18. Qd1 h5 19. f4 Be7 20. f5 Nf8 21. fxe6 Nxe6 22. Rf1 Bxh4 23. Bxh4 Qxe5 24. Bf6 Qe3+ 25. Kh1 Rh6 26. Re1 Qf4 27. Be5 Qg5 28. c4 Rd8 29. Qb3 Bc8 30. Qb6 Kf8 31. Qxc6 Kg8 32. cxd5 Nf4 33. Qc1 Nh3 34. gxh3 Qxc1 35. Raxc1 Bb7 36. Be4 f5 37. Bf4 Rb6 38. Bg2 Rxb2 39. Rb1 gxh3 40.
Rxb2 hxg2+ 41. Rxg2+ Kf7 42. Kg1 Bxd5 43. Rg5 Be4 44.
Rxh5 Rc8 45. Rg5 Rc2 46. a3 Ra2 47. Rg3 Rc2 48. h4 Ra2 49. h5 Kf6 50. h6 Kf7 51.
h7 Rb2 52. h8=Q Rb8 1-0

[Event "Early-Titled-Tuesday-Blitz-May-28-2024"]
[Site "Chess.com"]
[Date "2024.05.28"]
[Round "2"]
[White "alexrustemov"]
[Black "LeoLV10"]
[Result "1-0"]
[WhiteElo "2835"]
[BlackElo "2571"]
[TimeControl "180+1"]
[EndTime "8:18:51 PDT"]
[Termination "alexrustemov won by resignation"]

1. d4 Nf6 2. c4 e6 3. Nf3 c5 4. d5 exd5 5. cxd5 d6 6. Nc3 g6 7. h3 Bg7 8. e4 O-O 9. Bd3 b5 10. Bxb5 Nxe4 11. Nxe4 Qa5+ 12. Nfd2 Qxb5 13. Nxd6 Qa6 14.
N2c4 Nd7 15. O-O Ne5 16. Nxe5 Qxd6 17. Nc6 Bb7 18. Qf3 Bxc6 19. dxc6 Rac8 20. Bf4 Qxc6 21. Qxc6 Rxc6 22. Rab1 Ra6 23. a3 Rb6 24. b3 Rc8 25. Be3 Ra6 26. Rfc1 Rxa3 27. Rxc5 Rb8 28. b4 Bf8 29. Rc7 Rxb4 30. Rd1 Rb8 31. Rdd7 Ra6 32. g4 Rf6 33. Bd4 Rf4 34. Be5 Rf3 35. Kg2 Rfb3 36.
Rxf7 Re8 37. f4 Rb5 38. Rxh7 Rexe5 39. fxe5 Rxe5 40. Rxa7 Re2+ 41. Kf3 Rb2 42. Rhb7 Rc2 43. Ra8 Rc1 44. Rbb8 Rf1+ 45. Ke4 Kg7 46. Rxf8 Rxf8 47. Rxf8 Kxf8 48. Ke5 Kf7 49. Kd6 Kf6 50. h4 Kf7 51. g5 Kf8 52. Ke6 Kg7 53. Ke7 Kg8 54. Kf6 Kh7 55.
Kf7 Kh8 56. Kxg6 Kg8 1-0